 Dungeon Crawl Stone Soup version 0.24.0-125-gc4c63601f3 (webtiles) character file.

Game seed: 12131766288749251221, levelgen mode: deterministic

49 LraC the Vandal (level 4, -3/29 HPs)
             Began as a Halfling Hunter on Mar 9, 2020.
             Slain by a hobgoblin
             ... wielding a +0 club
             ... led by Robin
              (8 damage)
             ... on level 2 of the Dungeon.
             The game lasted 00:06:27 (831 turns).

LraC the Vandal (Halfling Hunter)                    Turns: 831, Time: 00:06:28

Health: -3/29      AC:  3    Str: 13    XL:     4   Next: 2%
Magic:  4/4        EV: 14    Int: 10    God:
Gold:   47         SH:  0    Dex: 14    Spells: 3/3 levels left

rFire    . . .     SeeInvis .   e - +0 hand axe (flame)
rCold    . . .     Gourm    .   (shield restricted)
rNeg     . . .     Faith    .   c - +0 leather armour
rPois    .         Spirit   .   (no helmet)
rElec    .         Reflect  .   (no cloak)
rCorr    .         Harm     .   (no gloves)
MR       .....                  (no boots)
Stlth    +.........             (no amulet)
HPRegen  0.09/turn              (no ring)
MPRegen  0.09/turn              (no ring)

@: no status effects
A: small, mutation resistance 1
a: no special abilities


You were on level 2 of the Dungeon.
You were not hungry.

You visited 1 branch of the dungeon, and saw 2 of its levels.

You collected 47 gold pieces.

Inventory:

Hand Weapons
 a - a +1 hunting sling
 b - a +0 short sword
 e - a +0 hand axe of flaming (weapon)
Missiles
 g - 27 poisoned darts (quivered)
 h - 42 stones
 i - 23 arrows
Armour
 c - a +0 leather armour (worn)
Scrolls
 j - a scroll of fog
Comestibles
 f - 2 rations


   Skills:
 + Level 2.1 Fighting
 + Level 0.7 Axes
 + Level 7.0 Slings
 + Level 0.3 Armour
 + Level 2.5 Dodging
 + Level 1.1 Stealth


You had 3 spell levels left.
You didn't know any spells.
Your spell library was empty.

Dungeon Overview and Level Annotations

Branches:
Dungeon (2/15)

Altars:

Annotations:
D:2 Robin


Innate Abilities, Weirdness & Mutations

You are small and have problems with some larger weapons.
You are somewhat resistant to further mutation.


Message History

You aren't carrying any potions.
Your +0 hand axe of flaming bursts into flame!
e - a +0 hand axe of flaming (weapon)
The goblin hits you.
You barely miss the goblin. You closely miss the goblin.
The goblin hits you but does no damage. The goblin hits you.
* * * LOW HITPOINT WARNING * * *
You hit the goblin but do no damage. You hit the goblin. You burn the goblin.
You kill the goblin!
Robin throws the goblin at you! The goblin hits you.
* * * LOW HITPOINT WARNING * * *
You hit the goblin. You burn the goblin.
You kill the goblin!
You have reached level 4!
You hit the goblin. You burn the goblin.
You kill the goblin!
The hobgoblin closely misses you.
You closely miss the hobgoblin. The hobgoblin barely misses you.
You hit the hobgoblin but do no damage. The hobgoblin hits you with a +0 club!
You die...

###+#
..#.(.g
.....).
#....gg###
#@<#
#†).......
#....#....
#.#### ..
#.. +..
#.. #.##


You could see Robin, a hobgoblin and a goblin.

Vanquished Creatures
  A dart slug (D:1)
  2 leopard geckos (D:1)
  A giant cockroach (D:1)
  8 hobgoblins
  6 jackals (D:1)
  3 kobolds (D:1)
  2 bats (D:1)
  2 frilled lizards (D:1)
  9 goblins
  8 rats (D:1)
42 creatures vanquished.

Notes
Turn   | Place    | Note
-------+----------+-------------------------------------------
     0 | D:1      | LraC the Halfling Hunter began the quest for the Orb.
     0 | D:1      | Reached XP level 1. HP: 14/14 MP: 1/1
    37 | D:1      | Reached skill level 6 in Slings
    62 | D:1      | Reached XP level 2. HP: 11/19 MP: 2/2
   211 | D:1      | Reached XP level 3. HP: 16/24 MP: 3/3
   808 | D:2      | Noticed Robin
   812 | D:2      | Reached skill level 7 in Slings
   829 | D:2      | Reached XP level 4. HP: 5/29 MP: 4/4
   831 | D:2      | Slain by a hobgoblin

Levels and vault maps discovered:
D:1:      dpeg_arrival_ratfight, layout_loops_ring
D:2:      layout_basic, guppyfry_early_lair_pool, uniq_robin, uniq_jessica,
          uniq_terence

Skill      XL: |  1  2  3 |
---------------+----------+-----
Slings         | 6 7 |  7.0
Fighting       | 2 |  2.1
Axes           | |  0.7
Armour         | |  0.3
Dodging        | |  2.5
Stealth        | |  1.1

Action                   |  1- 3 |  4- 6 || total
-------------------------+-------+-------++-------
Melee: Hand axe          |     9 |     2 ||    11
 Fire: Hunting sling     |    92 |       ||    92
  Use: Scroll            |     4 |       ||     4
       Potion            |     1 |       ||     1
Armor: Leather armour    |     4 |       ||     4
Dodge: Dodged            |    24 |     2 ||    26
